Unix NetHack Version 5.0.0-0 post-release - last build May 31 2026 23:59:36 (970b52f25bf058293b47ddfd14a1e40e571c508c,branch:main).

Game began 2026-06-07 16:20:57, ended 2026-06-07 16:41:36.

Frompor, neutral female human Valkyrie

                            ----------------
                            |...............
                            |.....<........|
                            |@&............|
                            --------------+-

Frompor the Skirmisher      St:16 Dx:11 Co:18 In:9 Wi:14 Ch:9  Neutral S:607
Dlvl:4  $:67 HP:0(45) Pw:15(15) AC:6  Xp:4/95 T:1307 

Latest messages:
 You can't go down here.
 You find a hidden door.
 The door opens.
 You swap places with Jonesy.
 The door opens.
 You are beginning to feel hungry.
 You hear a nearby zap.
 The magic missile whizzes by you!
 You hear a nearby zap.
 The magic missile hits you!
 Jonesy is killed by the magic missile!
 You see here a kitten corpse named Jonesy.
 You hear a nearby zap.
 The magic missile hits you!
 You see here a kitten corpse named Jonesy.
 You hear a nearby zap.
 The magic missile hits you!
 You hit the kobold lord.
 Your hands stop glowing red.
 The kobold lord appears confused.
 The kobold lord hits!
 You hit the kobold lord.
 You kill the kobold lord!
 There is a kobold lord corpse here; eat it? [ynq] (n) y
 Ecch - that must have been poisonous!
 You finish eating the kobold lord corpse.
 w - a zinc wand.
 You see here a kitten corpse named Jonesy.
 You descend the stairs.
 You hear someone cursing shoplifters.
 Drink from the fountain? [yn] (n) y
 This tepid water is tasteless.
 Drink from the fountain? [yn] (n) y
 You unleash a water demon!
 You miss the water demon.
 The water demon hits!
 The water demon hits!
 The water demon bites!
 You miss the water demon.
 The water demon hits!
 The water demon hits!
 The water demon bites!
 You miss the water demon.
 The water demon hits!
 The water demon hits!
 The water demon bites!
 You miss the water demon.
 The water demon hits!
 You die...
 Do you want your possessions identified? [ynq] (y) q

Inventory:
 Coins    ('$')
  $ - 67 gold pieces
 Weapons  (')')
  e - a blessed +1 dagger (at the ready)
  b - a +0 dagger
  r - a +0 orcish dagger
  a - a +2 spear (weapon in right hand)
  t - a +0 aklys
 Armor    ('[')
  m - a cursed +0 orcish helm
  c - an uncursed +3 small shield (being worn)
  o - a cursed +0 splint mail
 Comestibles  ('%')
  d - an uncursed food ration
 Scrolls  ('?')
  k - an uncursed scroll of create monster
  q - a blessed scroll of identify
  p - 4 uncursed scrolls of identify
  u - a cursed scroll of light
 Wands    ('/')
  w - a cursed wand of magic missile (0:4)
 Tools    ('(')
  n - an uncursed stethoscope
  g - a tinning kit (0:82)
 Gems/Stones  ('*')
  v - an uncursed worthless piece of yellow glass
  s - 3 uncursed flint stones

Frompor the Valkyrie's attributes:

Background:
 You were a Skirmisher, a level 4 human Valkyrie.
 You were neutral, on a mission for Odin
 who was opposed by Tyr (lawful) and Loki (chaotic).
 You were right-handed.
 You were in the Dungeons of Doom, on level 4.
 You entered the dungeon 1307 turns ago.
 You had 95 experience points, 65 more were needed to attain level 5.
 Your score was 607 before end-of-game adjustments.

Basics:
 You had 0 out of 45 hit points.
 You had all 15 energy points (spell power).
 Your armor class was 6.
 Your wallet contained 67 zorkmids.
 Autopickup was off.

Final Characteristics:
 Your strength was 16 (peak:17, limit:18/100).
 Your dexterity was 11 (limit:18).
 Your constitution was 18 (limit:18).
 Your intelligence was 9 (limit:18).
 Your wisdom was 14 (limit:18).
 Your charisma was 9 (limit:18).

Final Status:
 You weren't hungry.
 You were unencumbered.
 You were wielding a spear.
 You had basic skill with spear.

Final Attributes:
 You were devoutly aligned.
 You were cold resistant.
 You were telepathic.
 You were stealthy.
 You are dead.

Miscellaneous:
 You didn't encounter any bones levels.
 Total elapsed playing time was 20 minutes and 37 seconds.

Major events:
 Turn
    1: Frompor the neutral human Valkyrie entered the dungeon
  849: attained the rank of Skirmisher (level 3)
 1307: killed by a water demon

You didn't know any spells.

Skills:
 Fighting Skills
   bare handed combat [Unskilled]
   two weapon combat  [Unskilled]
   riding             [Unskilled]
 Weapon Skills
   dagger             [Basic]
   axe                [Unskilled]
   pick-axe           [Unskilled]
   short sword        [Unskilled]
   broadsword         [Unskilled]
   long sword         [Unskilled]
   two-handed sword   [Unskilled]
   saber              [Unskilled]
   hammer             [Unskilled]
   quarterstaff       [Unskilled]
   polearms           [Unskilled]
   spear              [Basic]
   trident            [Unskilled]
   lance              [Unskilled]
   sling              [Unskilled]
 Spellcasting Skills
   attack spells      [Unskilled]
   escape spells      [Unskilled]

Voluntary challenges:
 Character rerolling was not enabled.
 You never genocided any monsters.
 You never polymorphed an object.
 You never changed form.
 You used no wishes.
Achievements:
 You entered a shop.
 You attained the rank of Skirmisher.

 The Dungeons of Doom: levels 1 to 4
    Level 1:
    Level 2:
       A scroll shop, an altar, a sink.
    Level 3:
       An altar to Odin.
    Level 4: <- You were here.
       A fountain.
       Final resting place for
          you, killed by a water demon.


Vanquished creatures:
  a floating eye
  a kitten
  a homunculus
  2 kobold leaders
  2 dwarf zombies
  2 coyotes
  a gas spore
  a hobbit
  a gnome
  a gecko
  2 jackals
  a goblin
  a sewer rat
  3 grid bugs
  2 lichens
  6 newts
28 creatures vanquished.

No species were genocided or became extinct.

Game over:
                       ----------
                      /          \
                     /    REST    \
                    /      IN      \
                   /     PEACE      \
                  /                  \
                  |     Frompor      |
                  |      67 Au       |
                  |   killed by a    |
                  |   water demon    |
                  |                  |
                  |                  |
                  |       2026       |
                 *|     *  *  *      | *
        _________)/\\_//(\/(/\)/\//\/|_)_______

Farvel Frompor the Valkyrie...

You died in The Dungeons of Doom on dungeon level 4 with 601 points,
and 67 pieces of gold, after 1307 moves.
You were level 4 with a maximum of 45 hit points when you died.

